cohdb
Replays
Latest Replays
All Replays
Popular Replays
Top Player Replays
Match Explorer
How It Works
Community
CoH3 Stats
Reddit
Sign in to upload your games and track your stats! →
Sign in with Steam
Match 44825617
Unlisted
Match 44825617
Overview
Messages
Build Orders
End
Construct Section Command Post
Selects Air and Sea Battlegroup
Selects Air and Sea Battlegroup
Dingo Light Scout Car
Dingo Light Scout Car
Dingo Light Scout Car
Dingo Light Scout Car
Selects Supply Surplus
Construct Resource Cache
Construct Resource Cache
Construct Resource Cache
Construct Platoon Command Post
Construct Company Command Post
Infantry Section
Infantry Section
Construct Resource Cache
Construct Resource Cache
Selects UNKNOWN (223837)
Infantry Training
Infantry Section
Unlock Towed 17-pounder Anti-tank Guns
Team Weapon Training
Grenade Package
Construct Resource Cache
Construct Resource Cache
17-pounder Anti-tank Gun Team
17-pounder Anti-tank Gun Team
Forward Retreat Point
17-pounder Anti-tank Gun Team
CMP 15cwt Truck
Construct Resource Cache
Selects Assault Flares
CMP 15cwt Truck
Assault Flares
17-pounder Anti-tank Gun Team
Selects Commando Section Paradrop
Selects M1 Pack Howitzer Paradrop
HelloFriends :D
BazookaJoe
KT6790
downward horrendous
tidi
赢碌碌无为,输功不可没
小桐乐
YangXYZ
0
0
Comments
sign in to comment!
No comments posted yet!